 Dungeon Crawl Stone Soup version 0.30-a0-313-gae38170b09 (webtiles) character file.

Game seed: 16779580381931684645

74 koil the Shooter (level 4, 0/23 HPs)
             Began as a Spriggan Hunter on Oct 26, 2022.
             Slain by retardedninja's ghost (10 damage)
             ... on level 3 of the Dungeon.
             The game lasted 00:05:01 (2486 turns).

koil the Shooter (Spriggan Hunter)                  Turns: 2486, Time: 00:05:03

Health: 0/23       AC:  2    Str:  7    XL:     4   Next: 10%
Magic:  7/7        EV: 18    Int: 10    God:
Gold:   116        SH:  0    Dex: 20    Spells: 2/5 levels left

rFire   . . .      SeeInvis +    a - +0 shortbow
rCold   . . .      Faith    .    (shield currently unavailable)
rNeg    . . .      Spirit   .    c - +0 robe
rPois   .          Reflect  .    (helmet restricted)
rElec   .          Harm     .    (no cloak)
rCorr   .          Rampage  .    (gloves unavailable)
Will    .....                    (boots unavailable)
Stlth   +++.......               (no amulet)
HPRegen 0.23/turn                (no ring)
MPRegen 0.10/turn                (no ring)

@: very quick
A: very small, no large weapons, unfitting armour, see invisible, speed 3
a: no special abilities


You were on level 3 of the Dungeon.
You visited 1 branch of the dungeon, and saw 3 of its levels.

You collected 116 gold pieces.

Inventory:

Hand Weapons
 a - a +0 shortbow (weapon)
 b - a +2 dagger of holy wrath
 o - a +0 short sword of speed
 t - a +2 antimagic short sword
Armour
 c - a +0 robe (worn)
 j - an orb of wrath
Scrolls
 d - 3 scrolls of immolation
 e - 2 scrolls of teleportation {unknown}
 f - a scroll of summoning {unknown}
 g - 2 scrolls of noise {unknown}
 h - 2 scrolls of fear {unknown}
 k - 3 scrolls of identify {unknown}
 m - 3 scrolls of enchant weapon {unknown}
 v - a scroll of enchant armour {unknown}
Potions
 i - a potion of heal wounds {unknown}
 l - a potion of resistance {unknown}
 n - a potion of attraction {unknown}
 p - a potion of cancellation {unknown}
 q - a potion of haste {unknown}
 r - 2 potions of might {unknown}
 s - a potion of brilliance {unknown}
 u - a potion of mutation {unknown}


   Skills:
 + Level 2.0 Fighting
 + Level 4.3 Ranged Weapons
 + Level 3.5 Dodging
 + Level 2.9 Stealth
 + Level 1.4 Spellcasting
 + Level 0.9 Hexes
 + Level 1.0 Translocations


You had 2 spell levels left.
You knew the following spells:

 Your Spells              Type           Power      Damage    Failure   Level
a - Portal Projectile     Hex/Tloc       4%         N/A       54%         3

Your spell library contained the following spells:

 Spells                   Type           Power      Damage    Failure   Level
 Static Discharge         Conj/Air       0%         2-2/arc   45%         2
 Vhi's Electric Charge    Tloc/Air       2%         N/A       63%         3
 Call Canine Familiar     Summ           0%         N/A       69%         3
 Leda's Liquefaction      Hex/Erth       0%         N/A       95%         4
 Animate Armour           Summ/Erth      0%         N/A       97%         4
 Arcjolt                  Conj/Air       0%         1d10      100%        5
 Lightning Bolt           Conj/Air       0%         1d11      100%        5
 Summon Forest            Summ/Tloc      0%         N/A       100%        5
 Malign Gateway           Summ/Tloc      0%         N/A       100%        7


Dungeon Overview and Level Annotations

Branches:
Dungeon (3/15)

Altars:
The Shining One

Annotations:
D:3 Darkkill's ghost, amateur MiHu; NinjaNoafa's ghost, amateur MfMo; retardedninja's ghost, amateur MiFi


Innate Abilities, Weirdness & Mutations

You are very small and have problems with some larger weapons.
You are too small for most types of armour.
You have supernaturally acute eyesight. (SInv)
You cover ground extremely quickly. (Speed+++)


Message History

The arrow hits the adder but does no damage.
The adder is severely wounded.
You shoot an arrow. The arrow hits the adder!
You kill the adder!
Your Translocations skill increases to level 1!
You have reached level 4!
u - a lumpy black potion You open the door.
There is an open door here.
Found a stone staircase leading up.
v - a scroll labelled TOYP CURURAERYFF No target in view!
NinjaNoafa's ghost turns its malevolent gaze towards you.
Found a hand axe.
Darkkill's ghost turns its malevolent gaze towards you.
Could not explore, unopened runed door.
As you open the gate, it creaks loudly!
You shoot an arrow.
The arrow hits retardedninja's ghost but does no damage.
You shoot an arrow.
The arrow barely misses retardedninja's ghost.
The arrow closely misses Darkkill's ghost.
You shoot an arrow. The arrow hits retardedninja's ghost.
Retardedninja's ghost is lightly damaged.
You shoot an arrow.
The arrow barely misses retardedninja's ghost.
The arrow hits Darkkill's ghost.
Darkkill's ghost is lightly damaged.
You shoot an arrow. The arrow hits retardedninja's ghost.
Retardedninja's ghost is lightly damaged.
You shoot an arrow. The arrow hits retardedninja's ghost.
Retardedninja's ghost is moderately damaged.
You shoot an arrow.
The arrow hits retardedninja's ghost but does no damage.
Retardedninja's ghost is moderately damaged.
Retardedninja's ghost hits you!
Ouch! That really hurt!
NinjaNoafa's ghost shrieks, "I have seen your future, and it is all used up."
Retardedninja's ghost hits you!
You die...

####.#......####
####'#.#...(...##
..........[...P.#
.............(..#
.........♣..P♣..#
........P.♣_P...################
........P.♣P♣..................#
####+##...P.♣♣..##############.#
#.#..PP.PP...@WW.W.....W..#.##
####.#.#.......#############.#.#.
...........#.#.#......# #.#.#.
#######.##...#.#.####.# #.#.#.
........##.#...#.#..#.# #W#.#.
#######.#......#....########.#.##
#.....#.#..#........##..⌠.#..#...
#.###.#.#..###.######8....#W.####
#.###.#.#..##......#......#......


You could see Darkkill's ghost, NinjaNoafa's ghost and retardedninja's ghost.

Vanquished Creatures
  2 adders
  2 worms
  6 ball pythons
  5 endoplasms
  2 giant cockroaches
  6 goblins
  2 hobgoblins
  6 jackals (D:2)
  3 quokkas
  3 bats
  A frilled lizard (D:2)
  6 kobolds
  3 rats
47 creatures vanquished.

Vanquished Creatures (others)
  4 withered plants (D:3)
4 creatures vanquished.

Grand Total: 51 creatures vanquished

Notes
Turn   | Place    | Note
-------+----------+-------------------------------------------
     0 | D:1      | koil the Spriggan Hunter began the quest for the Orb.
     0 | D:1      | Reached XP level 1. HP: 10/10 MP: 2/2
   178 | D:1      | Reached XP level 2. HP: 15/15 MP: 2/4
   526 | D:1      | Reached skill level 1 in Spellcasting
   799 | D:2      | Reached XP level 3. HP: 18/18 MP: 5/5
   909 | D:2      | Learned a level 3 spell: Portal Projectile
  1437 | D:3      | Got Sif Muna's Omnibus of Generation
  1522 | D:3      | Found a runed translucent gate.
  1522 | D:3      | Found a runed translucent gate.
  1522 | D:3      | Found a runed translucent gate.
  1523 | D:3      | Noticed Darkkill's ghost (amateur MiHu)
  1575 | D:3      | Noticed retardedninja's ghost (amateur MiFi)
  1575 | D:3      | Noticed NinjaNoafa's ghost (amateur MfMo)
  1595 | D:3      | Found a faded altar of an unknown god.
  2100 | D:3      | Found a glowing golden altar of the Shining One.
  2299 | D:3      | Reached skill level 1 in Translocations
  2299 | D:3      | Reached XP level 4. HP: 23/23 MP: 7/7
  2486 | D:3      | Slain by retardedninja's ghost

Illustrated notes

Levels and vault maps discovered:
D:1:      shiori_shiawase, layout_basic, minmay_hexomino_f4
D:2:      layout_loops_ring
D:3:      layout_basic, tso_altar, dreamdust_ecumenical_altar_grove,
          gammafunk_ghost_cemetery

Skill      XL: |  1  2  3 |
---------------+----------+-----
Stealth        | 2 |  2.9
Dodging        | 3 |  3.5
Spellcasting   | 1 |  1.4
Fighting       | 2 |  2.0
Translocations | 1 |  1.0
Ranged Weapons | |  4.3
Hexes          | |  0.9

Action                   |  1- 3 |  4- 6 || total
-------------------------+-------+-------++-------
 Fire: Shortbow          |   148 |     7 ||   155
Armor: Robe              |     7 |       ||     7
Dodge: Dodged            |    64 |       ||    64

Table legend: (Time is in decaauts)
 A = Elapsed time spent in this place.
 B = Non-inter-level travel time spent in this place.
 C = Inter-level travel time spent in this place.
 D = Time resting spent in this place.
 E = Time spent auto-exploring this place.
 F = Levels seen in this place.
 G = Mean time per level.
                   A        B        C        D        E       F      G
               +--------+--------+--------+--------+--------+-----+--------+
         Total |   1682 |   1649 |     33 |      0 |   1350 |   3 |  560.7 |
       Dungeon |   1682 |   1649 |     33 |      0 |   1350 |   3 |  560.7 |
               +--------+--------+--------+--------+--------+-----+--------+

Top non-repeatable levels by time:
     D:3: 669 daAuts
     D:2: 573 daAuts
     D:1: 439 daAuts
